 Dungeon Crawl Stone Soup version 0.30-a0-365-ge7f957f1db (webtiles) character file.

Game seed: 3284373060010764664

21 gruber the Insei (level 2, 0/18 HPs)
             Began as an Octopode Transmuter on Nov 16, 2022.
             Slain by a kobold
             ... wielding a +0 short sword
              (1 damage)
             ... on level 1 of the Dungeon.
             The game lasted 00:00:39 (267 turns).

gruber the Insei (Octopode Transmuter)               Turns: 267, Time: 00:00:40

Health: 0/18       AC:  1    Str:  9    XL:     2   Next: 87%
Magic:  4/5        EV: 13    Int: 15    God:
Gold:   0          SH:  0    Dex: 12    Spells: 4/5 levels left

rFire   . . .      SeeInvis .      - Unarmed
rCold   + . .      Faith    .    (no shield)
rNeg    . . .      Spirit   .    (helmet currently unavailable)
rPois   .          Reflect  .    (no amulet)
rElec   .          Harm     .    c - ring of protection from cold
rCorr   .          Rampage  .    (no ring)
Will    .....                    (no ring)
Stlth   ++........               (no ring)
HPRegen 0.23/turn                (no ring)
MPRegen 0.09/turn                (no ring)
                                 (no ring)
                                 (no ring)

@: appendages
A: tentacle spike 3, almost no armour, amphibious, 8 rings, camouflage 1,
gelatinous body 1, (nimble swimmer 1), tentacles
a: End Transformation


You were on level 1 of the Dungeon.
One of your tentacles had grown a beastly spike.
You visited 1 branch of the dungeon, and saw 1 of its levels.

Inventory:

Jewellery
 c - a ring of protection from cold (left tentacle)
Potions
 a - a potion of lignification
 b - a potion of heal wounds {unknown}


   Skills:
 - Level 1.0 Fighting
 - Level 2.0 Dodging
 + Level 4.0 Unarmed Combat
 - Level 2.0 Spellcasting
 - Level 2.0 Transmutations


You had 4 spell levels left.
You knew the following spells:

 Your Spells              Type           Power      Damage    Failure   Level
a - Beastly Appendage     Tmut           14%        N/A       10%         1

Your spell library contained the following spells:

 Spells                   Type           Power      Damage    Failure   Level
 Wereblood                Tmut           7%         N/A       14%         2
 Spider Form              Tmut/Pois      4%         N/A       41%         3
 Ice Form                 Ice/Tmut       4%         N/A       82%         4


Dungeon Overview and Level Annotations

Branches:
Dungeon (1/15)

Altars:


Innate Abilities, Weirdness & Mutations

One of your tentacles has grown a beastly spike.
You cannot wear most types of armour.
You are amphibious.
You can wear up to eight rings at the same time.
Your skin changes colour to match your surroundings (Stealth+).
Your rubbery body absorbs attacks. (AC +1, EV +1)
((You are camouflaged when in or above water. (Stealth+)))
You have tentacles for arms and can constrict up to eight enemies at once.


Message History

You constrict the quokka.
The quokka twitches its whiskers.
The quokka misses you. The frilled lizard misses you. The quokka bites you.
You barely miss the quokka.
The quokka is moderately wounded.
You constrict the quokka. The quokka completely misses you.
The frilled lizard bites you.
You tentacle-slap the quokka.
You kill the quokka!
The kobold hits you with a +0 club. The frilled lizard bites you.
Your Unarmed Combat skill increases to level 4!
You are too injured to fight recklessly!
Unknown command.
The frilled lizard attacks as you move away!
The frilled lizard barely misses you.
A kobold comes into view. It is wielding a +0 short sword.
The kobold shouts!
You tentacle-slap the frilled lizard.
You kill the frilled lizard!
A dart slug comes into view.
You closely miss the frilled lizard. Your grab misses the frilled lizard.
Casting: Beastly Appendage (safe; 10% risk of failure)
Confirm with . or Enter, or press ? or * to list all spells.
One of your tentacles grows a vicious spike.
The frilled lizard misses you.
You closely miss the frilled lizard. Your grab misses the frilled lizard.
You pierce the frilled lizard.
The frilled lizard is heavily wounded.
The kobold hits you with a +0 short sword.
* * * LOW HITPOINT WARNING * * *
The frilled lizard bites you.
* * * LOW HITPOINT WARNING * * *
You barely miss the frilled lizard. Your grab misses the frilled lizard.
Your tentacle spike misses the frilled lizard.
Your squeeze misses the frilled lizard.
The frilled lizard is heavily wounded.
The kobold hits you with a +0 short sword.
* * * LOW HITPOINT WARNING * * *
The kobold hits you with a +0 short sword.
You die...

....##.# ..##...#
..........# .# .###.#.#
..........# .#
####.#.##..........#w.#
...#..................#
#......##.........#..#
........#...........
.................K# #
...............l@# .#
......#.#...####K##.###
###.#....##....lKr....##
.......#...............#
.†......................
~.......#...............
~~......#...............
~~......................
~~......................


You could see a dart slug, a quokka, 3 kobolds and 2 frilled lizards.

Vanquished Creatures
  2 ball pythons (D:1)
  An endoplasm (D:1)
  2 hobgoblins (D:1)
  2 quokkas (D:1)
  2 bats (D:1)
  8 frilled lizards (D:1)
  4 kobolds (D:1)
  2 rats (D:1)
23 creatures vanquished.

Notes
Turn   | Place    | Note
-------+----------+-------------------------------------------
     0 | D:1      | gruber the Octopode Transmuter began the quest for the Orb.
     0 | D:1      | Reached XP level 1. HP: 13/13 MP: 3/3
   108 | D:1      | Reached XP level 2. HP: 18/18 MP: 5/5
   262 | D:1      | Reached skill level 4 in Unarmed Combat
   267 | D:1      | Slain by a kobold

Illustrated notes

Levels and vault maps discovered:
D:1:      scummos_arrival_forest, layout_rooms, minmay_lizard_pond

Skill      XL: |  1  2 |
---------------+-------+-----
Unarmed Combat | 4 |  4.0
Fighting       | |  1.0
Dodging        | |  2.0
Spellcasting   | |  2.0
Transmutations | |  2.0

Action                   || total
-------------------------++-------
Melee: Unarmed           ||    48
       Constrict         ||    13
       Tentacles         ||     9
       Kick              ||     1
       Punch             ||     1
 Cast: Beastly Appendage ||     1
 Stab: Sleeping          ||     1
Armor: Skin              ||     3
Dodge: Dodged            ||    53

Table legend: (Time is in decaauts)
 A = Elapsed time spent in this place.
 B = Non-inter-level travel time spent in this place.
 C = Inter-level travel time spent in this place.
 D = Time resting spent in this place.
 E = Time spent auto-exploring this place.
 F = Levels seen in this place.
 G = Mean time per level.
                   A        B        C        D        E       F      G
               +--------+--------+--------+--------+--------+-----+--------+
         Total |    262 |    262 |      0 |      0 |    127 |   1 |  262.0 |
       Dungeon |    262 |    262 |      0 |      0 |    127 |   1 |  262.0 |
               +--------+--------+--------+--------+--------+-----+--------+

Top non-repeatable levels by time:
     D:1: 262 daAuts
